 Dungeon Crawl Stone Soup version 0.32-a0-350-g4f4d228 (webtiles) character file.

Game seed: 10052527066114948214

165 edsrzf the Chopper (level 5, -3/41 HPs)
             Began as a Mountain Dwarf Reaver on Feb 17, 2024.
             Slain by Grinder (6 damage)
             ... on level 5 of the Dungeon.
             The game lasted 00:05:13 (1869 turns).

edsrzf the Chopper (Mountain Dwarf Reaver)          Turns: 1869, Time: 00:05:14

Health: -3/41      AC:  4    Str: 14    XL:     5   Next: 21%
Magic:  8/8        EV: 11    Int: 16    God:
Gold:   98         SH:  0    Dex:  8    Spells: 5/8 levels left

rFire   + . .        b - +2 mace (heavy)
rCold   + . .        (no shield)
rNeg    . . .        k - +0 leather armour
rPois   .            (no helmet)
rElec   .            g - scarf {rC+ rF+}
rCorr   .            q - +0 pair of gloves
SInv    .            (no boots)
Will    .....        (no amulet)
Stlth   +            (no ring)
HPRegen 0.26/turn    (no ring)
MPRegen 0.11/turn

%: no passive effects
@: brilliant, attractive
A: runic magic, artefact enchanting
a: no special abilities


You were on level 5 of the Dungeon.
You visited 1 branch of the dungeon, and saw 5 of its levels.

You collected 98 gold pieces.

Inventory:

Hand Weapons
 a - a +0 hand axe
 b - a +2 heavy mace (weapon)
Armour
 g - a scarf of resistance (worn)
 k - a +0 leather armour (worn)
 q - a +0 pair of gloves (worn)
Scrolls
 c - a scroll of poison {unknown}
 d - a scroll of butterflies {unknown}
 f - a scroll of acquirement {unknown}
 h - 3 scrolls of identify
 i - a scroll of torment {unknown}
 n - a scroll of revelation {unknown}
 p - a scroll of vulnerability {unknown}
 r - a scroll of blinking {unknown}
Potions
 j - a potion of degeneration


   Skills:
 - Level 2.1 Fighting
 + Level 4.2 Axes
 - Level 1.3 Dodging
 - Level 2.0 Spellcasting
 - Level 4.1 Conjurations
 - Level 3.2 Necromancy


You had 5 spell levels left.
You knew the following spells:

 Your Spells              Type           Power      Damage    Failure   Level
a - Kiss of Death         Conj/Necr      80%        2d11      4%          1
b - Blink                 Tloc           4%         N/A       32%         2

Your spell library contained the following spells:

 Spells                   Type           Power      Damage    Failure   Level
 Foxfire                  Conj/Fire      48%        2x1d6     10%         1
 Momentum Strike          Conj/Tloc      24%        3d8       14%         2
 Freeze                   Ice            8%         1d3       22%         1
 Hailstorm                Conj/Ice       12%        3d6       28%         3
 Lesser Beckoning         Tloc           4%         N/A       32%         2
 Frozen Ramparts          Ice            4%         1d1       54%         3
 Gell's Gravitas          Tloc           2%         N/A       54%         3
 Teleport Other           Tloc           2%         N/A       54%         3
 Dispersal                Tloc           1%         N/A       100%        6
 Plasma Beam              Fire/Air       1%         2x1d11    100%        6
 Starburst                Conj/Fire      6%         6d4       100%        6


Dungeon Overview and Level Annotations

Branches:
Dungeon (6/15)             Temple (0/1) D:6

Altars:
Sif Muna

Annotations:
D:3 Ijyb
D:5 Grinder


Innate Abilities, Weirdness & Mutations

Your spellcasting is much less encumbered by armour.
You can use scrolls of enchantment on lesser artefacts.


Message History

You bump into the rock wall.
Something hits you.
You completely miss something. Something hits you. x2
You hear some strange, mumbled words.
A puff of flame appears from out of thin air!
The puff of flame hits you. You resist.
Grinder blinks!
You bump into the rock wall.
You sock something!
Reactivating autopickup.
You feel a bit more experienced. The orc closely misses you.
Your Axes skill increases to level 4!
You have reached level 5!
You feel less confused. The orc attacks as it pursues you!
The orc closely misses you.
You hit the orc.
The orc is moderately wounded.
The orc hits you with a +0 flail.
* * * LOW HITPOINT WARNING * * *
Grinder blinks!
The orc barely misses you.
You barely miss the orc.
The orc is moderately wounded.
The orc hits you with a +0 flail!
* * * LOW HITPOINT WARNING * * *
The orc closely misses you.
Okay, then.
Okay, then.
Press: ? - help, v - describe, . - travel
Here: an orc, wielding a +0 flail The floor.
Unknown command.
Okay, then.
You feel better. The orc barely misses you.
Okay, then.
As you read the scroll labelled PYOLOC QUMUSM, it crumbles to dust.
It is a scroll of identify.
j - a potion of degeneration The orc closely misses you.
You closely miss the orc.
The orc is moderately wounded.
The orc barely misses you. The orc hits you with a +0 flail.
* * * LOW HITPOINT WARNING * * *
You closely miss the orc.
The orc is moderately wounded.
The orc closely misses you. The orc barely misses you.
You aren't carrying any items that you can evoke.
Unknown command.
Cast which spell? (? or * to list)
Okay, then.
Okay, then.
Cast which spell? (? or * to list)
Okay, then.
Unknown command.
Okay, then.
It was a potion of heal wounds.
You feel much better. The orc barely misses you.
You sock the orc!
You kill the orc!
The orc hits you with a +0 mace.
Grinder blinks!
You hit the orc.
The orc is heavily wounded.
The orc hits you but does no damage. The orc hits you with a +0 mace.
You thump the orc!
You kill the orc!
You sock the orc!
You kill the orc!
Cast which spell? (? or * to list)
Okay, then.
Unknown command.
You sock Grinder!
Grinder is moderately wounded.
Grinder says, "Wait up."
Grinder hits you.
You writhe in agony.
Grinder hits you.
You writhe in agony.
Okay, then.
You sock Grinder!
Grinder is heavily wounded.
Grinder gestures at you. You resist with significant effort. Grinder hits you.
You writhe in agony.
You hit Grinder.
Grinder is severely wounded.
Grinder barely misses you. Grinder gestures at you.
You suddenly lose the ability to move!
Grinder gestures at you. You resist with significant effort.
You can move again.
It was a potion of attraction.
You feel attractive to monsters.
Grinder blinks!
Grinder is attracted toward you.
It was a potion of brilliance.
You feel clever all of a sudden. Grinder gestures at you.
Pain shoots through your body!
* * * LOW HITPOINT WARNING * * *
Grinder is attracted toward you.
You closely miss Grinder.
Grinder is severely wounded.
Grinder misses you. Grinder hits you.
* * * LOW HITPOINT WARNING * * *
You writhe in agony.
You die...
Grinder says, "Now the real fun starts!"

.....# ...
......#####.#
<.....§..#..#
#....####..
#.)>.......
#§#########
#)# #5# #@#
#....# ######


You could see Grinder.

Vanquished Creatures
  A bombardier beetle (D:6)
  An orc wizard (D:5)
  3 adders
  A dart slug (D:1)
  2 ribbon worms (D:2)
  4 orcs (D:5)
  5 bats
  6 endoplasms
  A giant cockroach (D:2)
  A goblin (D:1)
  A hobgoblin (D:2)
  2 jackals (D:2)
  4 quokkas
  4 ball pythons (D:1)
  3 kobolds
  5 rats
44 creatures vanquished.

Notes
Turn   | Place    | Note
-------+----------+-------------------------------------------
     0 | D:1      | edsrzf the Mountain Dwarf Reaver began the quest for the
                  | Orb.
     0 | D:1      | Reached XP level 1. HP: 17/17 MP: 3/3
    59 | D:1      | Reached skill level 2 in Spellcasting
   138 | D:1      | Reached skill level 3 in Conjurations
   138 | D:1      | Reached XP level 2. HP: 22/24 MP: 5/5
   275 | D:1      | Reached skill level 1 in Necromancy
   552 | D:1      | Reached XP level 3. HP: 25/29 MP: 6/6
   821 | D:2      | Reached skill level 2 in Necromancy
  1007 | D:2      | Learned a level 2 spell: Blink
  1121 | D:2      | Reached XP level 4. HP: 11/36 MP: 7/7
  1724 | D:3      | Found a shimmering blue altar of Sif Muna.
  1727 | D:3      | Noticed Ijyb
  1761 | D:3      | You fall into a shaft and drop 3 floors!
  1781 | D:6      | Reached skill level 4 in Conjurations
  1781 | D:6      | Reached skill level 3 in Necromancy
  1797 | D:6      | Noticed a sky beast
  1818 | D:6      | Found a staircase to the Ecumenical Temple.
  1825 | D:5      | Entered Level 5 of the Dungeon
  1836 | D:5      | Noticed Grinder
  1838 | D:5      | Identified 2 potions of curing
  1851 | D:5      | Reached skill level 4 in Axes
  1851 | D:5      | Reached XP level 5. HP: 17/41 MP: 8/8
  1855 | D:5      | Identified 4 scrolls of identify
  1855 | D:5      | Identified a potion of degeneration
  1858 | D:5      | Identified a potion of heal wounds
  1865 | D:5      | Paralysed by Grinder for 3 turns
  1867 | D:5      | Identified a potion of attraction
  1868 | D:5      | Identified a potion of brilliance
  1869 | D:5      | Slain by Grinder

Illustrated notes

Levels and vault maps discovered:
D:1:      erik_arrival_orb_chamber, layout_basic
D:2:      layout_rooms, kennysheep_big_empty_room,
          chequers_serial_rivers_large_b
D:3:      layout_basic, lemuel_round_altar, minmay_shallow_snake_nest, uniq_ijyb
D:5:      layout_basic, mainiacjoe_overflow_cross_hatched, lemuel_crystal_altar,
          nicolae_shop_overcharged_wands, uniq_grinder
D:6:      layout_loops_corners, minmay_temple_entry_butterflies, serial_glass,
          glass_columns_a, glass_columns_a, glass_columns_a, glass_columns_a,
          glass_columns_b, glass_columns_a, glass_columns_a, glass_columns_a,
          glass_columns_b, glass_columns_a

Skill      XL: |  1  2  3  4 |
---------------+-------------+-----
Spellcasting   | 2 |  2.0
Conjurations   | 3 4 |  4.1
Necromancy     | 1 2 3 |  3.2
Axes           | 4 |  4.2
Fighting       | |  2.1
Dodging        | |  1.3

Action                     |  1- 3 |  4- 6 || total
---------------------------+-------+-------++-------
  Melee: Hand axe          |    79 |       ||    79
         Mace              |    28 |    43 ||    71
    Use: Potion            |       |     5 ||     5
         Scroll            |       |     1 ||     1
 Armour: Leather armour    |    75 |    40 ||   115
  Dodge: Dodged            |    79 |    34 ||   113

Table legend: (Time is in decaauts)
 A = Elapsed time spent in this place.
 B = Non-inter-level travel time spent in this place.
 C = Inter-level travel time spent in this place.
 D = Time resting spent in this place.
 E = Time spent auto-exploring this place.
 F = Levels seen in this place.
 G = Mean time per level.
                   A        B        C        D        E       F      G
               +--------+--------+--------+--------+--------+-----+--------+
         Total |   1994 |   1973 |     21 |    194 |   1220 |   5 |  398.8 |
       Dungeon |   1994 |   1973 |     21 |    194 |   1220 |   5 |  398.8 |
               +--------+--------+--------+--------+--------+-----+--------+

Top non-repeatable levels by time:
     D:2: 938 daAuts
     D:1: 752 daAuts
     D:3: 176 daAuts
     D:6: 65 daAuts
     D:5: 61 daAuts
